 Dungeon Crawl Stone Soup version 0.20.0 (webtiles) character file.

21564 chickenpie the Carver (level 12, -1/159 HPs)
             Began as a Minotaur Berserker on May 29, 2017.
             Was a High Priest of Trog.
             Slain by a 15-headed hydra (8 damage)
             ... on level 3 of the Lair of Beasts.
             The game lasted 00:38:59 (12566 turns).

chickenpie the Carver (Minotaur Berserker)         Turns: 12566, Time: 00:38:59

Health: -1/159     AC: 12    Str: 30    XL:     12   Next: 55%
Magic:  11/11      EV: 15    Int:  4    God:    Trog [*****.]
Gold:   923        SH: 16    Dex: 14    Spells: 11/11 levels left

rFire    . . .     SeeInvis +   w - +2 falchion (holy)
rCold    . . .     Gourm    .   t - +0 shield
rNeg     . . .     Faith    .   G - +1 scale mail "Hurgh" {SInv}
rPois    .         Spirit   .   (helmet restricted)
rElec    .         Reflect  +   x - +0 cloak
rCorr    +         Harm     .   (no gloves)
MR       .....                  f - +0 pair of boots
Stlth    ..........             I - amulet "Ytyetecs" {Reflect Slay+3 SH+3}
Regen    0.4/turn               C - ring of stealth
MPRegen  0.2/turn               A - ring of resist corrosion

@: berserking, very quick
A: retaliatory headbutt, claws 1, horns 2, agile 1
a: Berserk, Trog's Hand, Brothers in Arms, Burn Spellbooks, Renounce Religion


You were on level 3 of the Lair of Beasts.
You worshipped Trog.
Trog was extremely pleased with you.
You were not hungry.

You visited 3 branches of the dungeon, and saw 15 of its levels.

You collected 923 gold pieces.

Inventory:

Hand Weapons
 w - a +2 falchion of holy wrath (weapon)
 K - the +8 hand crossbow of Anlayg {velocity, rElec rPois rF- Str+6}
   (You found it on level 3 of the Lair of Beasts)

   Any bolt fired from it inflicts extra damage.
   It affects your strength (+6).
   It makes you vulnerable to fire.
   It insulates you from electricity.
   It protects you from poison.
Armour
 f - a +0 pair of boots (worn)
 g - a +0 troll leather armour
 t - a +0 shield (worn)
 x - a +0 cloak (worn)
 G - the +1 scale mail "Hurgh" (worn) {SInv}
   (You found it on level 10 of the Dungeon)

   It lets you see invisible.
Jewellery
 A - a ring of resist corrosion (right claw)
 C - a ring of stealth (left claw)
 E - an uncursed ring of flight
 I - the amulet "Ytyetecs" (around neck) {Reflect Slay+3 SH+3}
   (You found it on level 2 of the Lair of Beasts)

   [amulet of reflection]

   It shields you and reflects attacks.
   It affects your accuracy and damage with ranged weapons and melee attacks
   (+3).
   It affects your SH (+3).
Wands
 o - a wand of clouds (7/9)
 u - a wand of acid (6/15)
 y - a wand of flame (33/48)
 z - a wand of polymorph (13/24)
 D - a wand of lightning (11/15)
Scrolls
 b - 3 scrolls of recharging
 e - 2 scrolls of remove curse
 i - 6 scrolls of identify
 p - 2 scrolls of enchant armour {unknown}
 q - a scroll of fog
 r - 6 scrolls of teleportation
 v - a scroll of blinking
 H - a scroll of fear
Potions
 d - 8 potions of curing
 k - 4 potions of lignification
 l - a potion of agility
 n - 4 potions of flight
 s - 4 potions of haste
 B - 2 potions of heal wounds
 F - a potion of might
 J - a potion of cancellation
Comestibles
 c - 3 bread rations
 h - 3 meat rations
 j - 3 royal jellies
 m - 15 fruits


   Skills:
 + Level 10.3 Fighting
   Level 2.8(8.1) Short Blades
 + Level 12.6(12.7) Long Blades
   Level 7.2 Axes
 + Level 9.7 Armour
 * Level 9.5 Dodging
 + Level 3.4 Stealth
 + Level 11.0 Shields


You had 11 spell levels left.
You didn't know any spells.

Dungeon Overview and Level Annotations

Branches:
Dungeon (11/15)            Temple (0/1) D:6            Lair (3/6) D:11
  Snake (1/4) Lair:3
  Swamp: Lair:2-4    Shoals: Lair:2-4       Orc: D:9-12

Altars:
Ashenzari
Elyvilon
Fedhas
Hepliaklqana
Kikubaaqudgha
Nemelex Xobeh
Okawaru
Ru
Vehumet
Xom


Innate Abilities, Weirdness & Mutations

You reflexively headbutt those who attack you in melee.
You have a pair of horns on your head.
You have sharp fingernails.
You are agile. (Dex +2)


Message History

The 13-headed hydra bites you.
* * * LOW HITPOINT WARNING * * *
You hack one of the 13-headed hydra's heads off!
The 12-headed hydra grows two more!
You slash the 14-headed hydra!
The 14-headed hydra is severely wounded.
You chop one of the 14-headed hydra's heads off!
The 13-headed hydra grows two more!
You slice the 15-headed hydra!!
The 15-headed hydra is severely wounded.
You block the 15-headed hydra's attack.
The 15-headed hydra bites you but does no damage. x2
The 15-headed hydra bites you.
* * * LOW HITPOINT WARNING * * *
The 15-headed hydra bites you!
* * * LOW HITPOINT WARNING * * *
You block the 15-headed hydra's attack. The 15-headed hydra bites you!
* * * LOW HITPOINT WARNING * * *
You block the 15-headed hydra's attack. The 15-headed hydra barely misses you.
You block the 15-headed hydra's attack. The 15-headed hydra barely misses you.
The 15-headed hydra bites you!
You die...

#P.......#
#######
#........#
#.......##
###..(.....#
#.#...PP...#
##.........#
#..........#
##.........#
.#.##t...@...##
........D....#
..........(......
.................
.........#.......
........#....(...
........#........
.................
...............


You could see a 15-headed hydra and a crocodile.

Vanquished Creatures
  A hydra (D:9)
  A two-headed ogre (D:10)
  Erica (D:8)
  3 death yaks (Lair:2)
  Pikel (D:5)
  A mana viper (Snake:1)
  A cyclops (D:11)
  An elephant (D:11)
  Joseph (D:10)
  5 spiny frogs
  A gargoyle (D:10)
  A rime drake (Lair:2)
  An efreet (D:10)
  The ghost of Guenter the Skirmisher, a novice VSWn (D:3)
  4 trolls
  A hornet (D:10)
  2 dream sheep (D:9)
  Sigmund (D:3)
  A wyvern (D:8)
  A wraith (D:11)
  20 yaks
  2 hungry ghosts (D:10)
  A basilisk (Lair:2)
  A steam dragon (D:10)
  A naga (Snake:1)
  4 water moccasins
  6 porcupines
  4 orc warriors
  Duvessa (D:7)
  3 ice beasts
  A sky beast (D:9)
  4 black bears
  A necrophage (D:7)
  2 eyes of draining
  5 ogres
  A phantom (D:9)
  10 centaurs
  5 wolves (Lair:1)
  8 crocodiles
  3 big kobolds (D:9)
  6 bullfrogs
  Blork the orc (D:5)
  A gnoll sergeant (D:10)
  A wyvern zombie (D:7)
  Dowan (D:7)
  13 killer bees
  2 howler monkeys
  2 crimson imps
  2 quasits
  2 centaur skeletons
  A centaur zombie (D:9)
  11 orc priests
  6 hounds
  2 jellies (D:8)
  3 bullfrog skeletons (D:6)
  Jessica (D:3)
  2 iguanas (D:9)
  6 orc wizards
  7 worker ants
  A killer bee zombie (D:6)
  A hound skeleton (D:8)
  2 worker ant zombies
  19 gnolls
  6 adders
  An adder skeleton (D:5)
  2 worms (D:5)
  7 leopard geckos
  47 orcs
  7 bats
  5 giant cockroaches
  5 goblins
  7 hobgoblins
  4 jackals
  4 quokkas
  3 ball pythons
  2 frilled lizards (D:1)
  A jackal zombie (D:5)
  2 kobolds
  A quokka skeleton (D:4)
  6 rats
  A plant (D:2)
317 creatures vanquished.

Vanquished Creatures (others)
  2 slaves (D:5)
  A crimson imp (D:5)
  A bullfrog zombie (D:5)
  A leopard gecko (D:5)
  A plant (Lair:1)
6 creatures vanquished.

Grand Total: 323 creatures vanquished

Notes
Turn   | Place    | Note
-------+----------+-------------------------------------------
     0 | D:1      | chickenpie the Minotaur Berserker began the quest for the Orb.
     0 | D:1      | Reached XP level 1. HP: 19/19 MP: 0/0
   292 | D:1      | Reached XP level 2. HP: 27/27 MP: 1/1
  1115 | D:2      | Found a blossoming altar of Fedhas.
  1116 | D:2      | Found an ancient bone altar of Kikubaaqudgha.
  1212 | D:2      | Reached ** piety under Trog
  1212 | D:2      | Reached XP level 3. HP: 33/33 MP: 2/2
  1490 | D:2      | Found an iron altar of Okawaru.
  1617 | D:2      | Found a sparkling altar of Nemelex Xobeh.
  1619 | D:2      | Found a snail-covered altar of Cheibriados.
  1619 | D:2      | Found a radiant altar of Vehumet.
  1621 | D:2      | Found a shimmering altar of Xom.
  1621 | D:2      | Found an iron altar of Okawaru.
  1621 | D:2      | Found a hazy altar of Hepliaklqana.
  1861 | D:3      | Noticed Sigmund
  1867 | D:3      | Killed Sigmund
  1867 | D:3      | Reached skill level 5 in Axes
  1867 | D:3      | Reached XP level 4. HP: 41/41 MP: 3/3
  1867 | D:3      | Reached XP level 5. HP: 47/47 MP: 4/4
  1959 | D:3      | Noticed Guenter's ghost (novice VSWn)
  1977 | D:3      | Killed Guenter's ghost
  1977 | D:3      | Reached skill level 5 in Fighting
  1977 | D:3      | Reached XP level 6. HP: 49/56 MP: 5/5
  2026 | D:3      | Gained mutation: Your muscles are strong. (Str +2) [potion of mutation]
  2026 | D:3      | Gained mutation: Your system is resistant to poisons. (rPois) [potion of mutation]
  2027 | D:3      | Lost mutation: Your muscles are strong. (Str +2) [potion of mutation]
  2027 | D:3      | Lost mutation: Your system is resistant to poisons. (rPois) [potion of mutation]
  2027 | D:3      | Gained mutation: Your body sometimes deteriorates upon taking damage. [potion of mutation]
  2027 | D:3      | Gained mutation: You have supernaturally acute eyesight. (SInv) [potion of mutation]
  2027 | D:3      | Gained mutation: You possess an exceptional clarity of mind. [potion of mutation]
  2136 | D:3      | Reached skill level 1 in Short Blades
  2373 | D:3      | Noticed Jessica
  2377 | D:3      | Killed Jessica
  2555 | D:4      | Found a hazy altar of Hepliaklqana.
  2634 | D:4      | Reached XP level 7. HP: 43/61 MP: 6/6
  2752 | D:4      | Found a white marble altar of Elyvilon.
  2937 | D:5      | Entered Level 5 of the Dungeon
  2965 | D:5      | Noticed Pikel
  2982 | D:5      | Killed Pikel
  2982 | D:5      | Reached skill level 3 in Long Blades
  2982 | D:5      | Reached XP level 8. HP: 55/70 MP: 7/7
  3162 | D:5      | Noticed Blork the orc
  3185 | D:5      | Killed Blork the orc
  3185 | D:5      | Reached skill level 4 in Long Blades
  3185 | D:5      | Reached skill level 1 in Stealth
  3276 | D:5      | Found a sparkling altar of Nemelex Xobeh.
  3558 | D:5      | Reached skill level 5 in Long Blades
  3564 | D:5      | Reached skill level 5 in Armour
  3768 | D:6      | Found a staircase to the Ecumenical Temple.
  3781 | D:6      | Reached *** piety under Trog
  4044 | D:6      | Reached skill level 6 in Long Blades
  4203 | D:6      | Found a shattered altar of Ashenzari.
  4203 | D:6      | Found a sacrificial altar of Ru.
  4375 | D:6      | Reached XP level 9. HP: 77/78 MP: 8/8
  4555 | D:7      | Reached skill level 7 in Long Blades
  4840 | D:7      | Noticed a troll
  4859 | D:7      | Killed a troll
  4859 | D:7      | Reached skill level 5 in Shields
  4874 | D:7      | Reached **** piety under Trog
  5033 | D:7      | Noticed Dowan
  5034 | D:7      | Noticed Duvessa
  5044 | D:7      | Killed Dowan
  5052 | D:7      | Killed Duvessa
  5317 | D:7      | Reached skill level 8 in Long Blades
  5525 | D:8      | Noticed Erica
  5541 | D:8      | Killed Erica
  5541 | D:8      | Reached skill level 9 in Long Blades
  5541 | D:8      | Reached XP level 10. HP: 30/88 MP: 9/9
  6917 | D:9      | Reached skill level 5 in Dodging
  7067 | D:9      | Reached skill level 10 in Long Blades
  7119 | D:9      | Noticed a three-headed hydra
  7129 | D:9      | Killed a nine-headed hydra
  7129 | D:9      | Reached ***** piety under Trog
  7252 | D:9      | Lost mutation: You have supernaturally acute eyesight. (SInv) [potion of mutation]
  7252 | D:9      | Lost mutation: Your body sometimes deteriorates upon taking damage. [potion of mutation]
  7252 | D:9      | Lost mutation: You possess an exceptional clarity of mind. [potion of mutation]
  7252 | D:9      | Gained mutation: You are agile. (Dex +2) [potion of mutation]
  7252 | D:9      | Gained mutation: You have sharp fingernails. [potion of mutation]
  7449 | D:9      | Reached XP level 11. HP: 79/95 MP: 10/10
  7642 | D:10     | Entered Level 10 of the Dungeon
  7993 | D:10     | Reached skill level 11 in Long Blades
  8039 | D:10     | Noticed a two-headed ogre
  8051 | D:10     | Killed a two-headed ogre
  8198 | D:10     | Got an ichor-stained scale mail
  8216 | D:10     | Identified the +1 scale mail "Hurgh" {SInv} (You found it on level 10 of the Dungeon)
  8514 | D:10     | Noticed Joseph
  8527 | D:10     | Killed Joseph
  8700 | D:10     | You fall through a shaft!
  8882 | D:11     | Paralysed by a hornet for 1 turns
  9560 | D:11     | Found a staircase to the Lair.
  9784 | Lair:1   | Entered Level 1 of the Lair of Beasts
  9825 | Lair:1   | Reached XP level 12. HP: 96/106 MP: 11/11
  9901 | Lair:1   | Reached skill level 10 in Shields
  9930 | Lair:1   | Reached skill level 12 in Long Blades
 10051 | Lair:1   | Reached ****** piety under Trog
 11220 | Lair:2   | Noticed a death yak
 11224 | Lair:2   | Noticed a death yak
 11224 | Lair:2   | Noticed a death yak
 11238 | Lair:2   | Killed a death yak
 11238 | Lair:2   | Reached skill level 10 in Fighting
 11247 | Lair:2   | Killed a death yak
 11250 | Lair:2   | Killed a death yak
 11597 | Lair:2   | Got a smoking platinum amulet
 11599 | Lair:2   | Identified the amulet "Ytyetecs" {Reflect Slay+3 SH+3} (You found it on level 2 of the Lair of Beasts)
 12191 | Lair:3   | Got an encrusted hand crossbow
 12211 | Lair:3   | Identified the +8 hand crossbow of Anlayg {velocity, rElec rPois rF- Str+6} (You found it on level 3 of the Lair of Beasts)
 12246 | Lair:3   | Found a staircase to the Snake Pit.
 12252 | Lair:3   | Noticed a four-headed hydra
 12258 | Snake:1  | Entered Level 1 of the Snake Pit
 12566 | Lair:3   | HP: 7/159 [15-headed hydra (13)]
 12566 | Lair:3   | Slain by a 15-headed hydra

Skill      XL: |  1  2  3  4  5  6  7  8  9 10 11 12 |
---------------+-------------------------------------+-----
Axes           | 4 5 7 |  7.2
Fighting       | 4 5 6 7 8 9 10 | 10.3
Dodging        | 3 4 6 8 9 |  9.5
Armour         | 3 4 6 7 8 9 |  9.7
Short Blades   | 1 2 |  2.8
Long Blades    | 3 6 9 10 11 12 | 12.6
Shields        | 2 4 6 8 9 11 | 11.0
Stealth        | 1 2 3 |  3.4

Action                   |  1- 3 |  4- 6 |  7- 9 | 10-12 || total
-------------------------+-------+-------+-------+-------++-------
Melee: Hand axe          |    58 |       |       |       ||    58
       Headbutt          |    19 |     6 |    77 |   204 ||   306
       Short sword       |    40 |    41 |     4 |       ||    85
       Falchion          |       |     7 |   299 |   703 ||  1009
       Hand crossbow     |       |       |       |     2 ||     2
Invok: Berserk           |     1 |     2 |     4 |    13 ||    20
       Burn Spellbooks   |       |       |     1 |     2 ||     3
  Use: Potion            |       |     4 |     1 |     8 ||    13
       Scroll            |       |       |    11 |     6 ||    17
 Stab: Distracted        |       |       |     1 |       ||     1
       Sleeping          |       |       |       |    10 ||    10
  Eat: Bread ration      |     1 |       |     1 |     3 ||     5
       Meat ration       |       |     1 |     1 |     2 ||     4
       Chunk             |       |       |     2 |     6 ||     8
       Royal jelly       |       |       |       |     5 ||     5
       Fruit             |       |       |       |     4 ||     4
Armor: Animal skin       |    24 |     4 |       |       ||    28
       Scale mail        |       |     7 |     4 |   102 ||   113
       Plate armour      |       |       |   158 |    31 ||   189
       Troll leather arm |       |       |       |    45 ||    45
Dodge: Dodged            |    43 |    29 |    74 |   315 ||   461
Block: Shield            |       |    13 |   172 |   409 ||   594
       Reflection        |       |       |       |     1 ||     1
       Rpst.: Falchion   |       |     1 |    23 |    76 ||   100
